 Dungeon Crawl Stone Soup version 0.19-a0-1490-g5dd3618 (webtiles) character file.

469 epen the Ducker (level 6, -4/32 HPs)
             Began as a Spriggan Monk on Sept 8, 2016.
             Was an Initiate of Gozag.
             Blown up by Pikel (20 damage)
             ... with a wand of disintegration
             ... on level 5 of the Dungeon.
             The game lasted 00:03:49 (3794 turns).

epen the Ducker (Spriggan Monk)                     Turns: 3794, Time: 00:03:50

Health: -4/32      AC:  2    Str:  7    XL:     6   Next: 82%
Magic:  7/7        EV: 23    Int: 13    God:    Gozag
Gold:   532        SH:  0    Dex: 19    Spells: 0 memorised, 5 levels left

rFire  . . .     SeeInvis +     a - +0 short sword
rCold  . . .     Gourm    .     b - +0 robe
rNeg   . . .     Faith    .     (shield restricted)
rPois  .         Spirit   .     t - +0 hat
rElec  .         Dismiss  .     (no cloak)
rCorr  .         Reflect  .     (gloves unavailable)
MR     +....     Harm     .     (boots unavailable)
Stlth  ++++......               (no amulet)
                                (no ring)
                                (no ring)

@: very quick
A: unfitting armour, see invisible, herbivore 3, speed 3, slow metabolism 2
a: Potion Petition, Call Merchant, Bribe Branch, Renounce Religion


You were on level 5 of the Dungeon.
You worshipped Gozag.
Gozag was pleased with you.
You were hungry.

You visited 1 branch of the dungeon, and saw 5 of its levels.

You collected 532 gold pieces.

Inventory:

Hand Weapons
 a - a +0 short sword (weapon)
Missiles
 f - 29 poisoned needles
Armour
 b - a +0 robe (worn)
 t - a +0 hat (worn)
Scrolls
 g - a scroll of immolation {unknown}
 h - 8 scrolls of identify {unknown}
 i - 5 scrolls of remove curse {unknown}
 k - a scroll of fear {unknown}
 l - 3 scrolls of amnesia {unknown}
 n - a scroll of noise {unknown}
 p - a scroll of teleportation {unknown}
 s - a scroll of blinking {unknown}
Potions
 d - a potion of haste {unknown}
 e - 4 potions of heal wounds {unknown}
 j - 2 potions of lignification {unknown}
 m - a potion of brilliance {unknown}
 o - 2 potions of mutation {unknown}
 q - 2 potions of ambrosia {unknown}
 r - a potion of curing {unknown}
 u - a potion of magic {unknown}
Comestibles
 c - 5 bread rations


   Skills:
 + Level 3.4 Fighting
 * Level 6.0 Short Blades
 + Level 6.5 Dodging
 + Level 5.6 Stealth


You had 5 spell levels left.
You didn't know any spells.

Dungeon Overview and Level Annotations

Branches:
Dungeon (5/15)             Temple (0/1) D:4

Altars:
Fedhas
Gozag
Okawaru

Shops:
D:3 *

Annotations:
D:5 Pikel


Innate Abilities, Weirdness & Mutations

You are tiny and cannot use many weapons and most armour.
You have supernaturally acute eyesight. (SInv)
You are a herbivore.
You cover ground extremely quickly.
You need consume almost no food.


Message History

There are no items here.
Pikel is too close now for your liking.
Pikel is nearby!
A slave comes into view.
A slave comes into view.
The slave shouts! x3; Pikel shouts!
Something shouts, "Quit, thou tottering hedge-born vassal!"
Pikel barely misses you.
You barely miss Pikel.
Pikel zaps a wand.
You are blasted!
It is a wand of disintegration.
You barely miss Pikel.
Pikel cracks his whip.
Pikel zaps a wand.
You are blasted!
Press: ? - help, v - describe, . - travel
Here: Pikel, wielding a whip of freezing, wearing an embroidered robe and carrying a wand of disintegration {zapped: 2} The floor.
Unknown command.
Pikel zaps a wand.
You are blasted!
Ouch! That really hurt!
You die...

#.# #..#####.......#
#..# ###..#.......###.#
#..##...........####.##
#.....#....).........#
##...#####....#.♣.♣.#.#
#..(.# ##...........#
#..#..## ##..♣.♣.♣.♣.##
.. ##..# ##...._.....#
. #..## ##.♣@♣.♣.♣..#
##..# #.............
##.## #.p#.♣.♣.#.####
#..# #..K.......#
#..####p.p.####.##
##..##p.#### #
##......###
#......p..####..##
#.......###...p.....


You could see Pikel and 4 slaves.

Vanquished Creatures
  3 ogres
  A scorpion (D:4)
  A giant frog skeleton (D:4)
  A worker ant (D:4)
  A howler monkey zombie (D:5)
  5 adders
  2 oozes (D:2)
  4 worms
  3 giant geckos
  3 orcs
  2 giant cockroaches (D:1)
  3 goblins
  6 hobgoblins
  2 jackals (D:3)
  2 quokkas
  2 bats (D:3)
  A giant gecko skeleton (D:4)
  5 giant newts
  A jackal skeleton (D:4)
  4 kobolds
  4 rats
56 creatures vanquished.

Notes
Turn   | Place    | Note
-------+----------+-------------------------------------------
     0 | D:1      | epen the Spriggan Monk began the quest for the Orb.
     0 | D:1      | Reached XP level 1. HP: 11/11 MP: 2/2
   368 | D:1      | Reached XP level 2. HP: 16/16 MP: 3/3
   794 | D:2      | Reached skill level 5 in Dodging
   854 | D:2      | Reached XP level 3. HP: 19/19 MP: 4/4
  1884 | D:3      | Found an opulent altar of Gozag.
  1888 | D:3      | Found Gozag's Platinum Reserve.
  1900 | D:3      | Became a worshipper of Gozag Ym Sagoz the Greedy
  1940 | D:3      | Reached XP level 4. HP: 22/23 MP: 5/5
  2092 | D:3      | Noticed an ogre
  2100 | D:3      | Killed an ogre
  2100 | D:3      | Reached XP level 5. HP: 7/28 MP: 6/6
  2439 | D:3      | Found a blossoming altar of Fedhas.
  2575 | D:4      | Reached skill level 5 in Short Blades
  2660 | D:4      | Found a staircase to the Ecumenical Temple.
  2944 | D:4      | Noticed an ogre
  2949 | D:4      | Killed an ogre
  2949 | D:4      | Reached skill level 5 in Stealth
  2949 | D:4      | Reached XP level 6. HP: 32/32 MP: 7/7
  3453 | D:5      | Entered Level 5 of the Dungeon
  3694 | D:5      | Found an iron altar of Okawaru.
  3695 | D:5      | Noticed a slave
  3700 | D:5      | Noticed Pikel
  3701 | D:5      | Noticed a slave
  3788 | D:5      | Noticed a slave
  3789 | D:5      | Noticed a slave
  3794 | D:5      | Blown up by Pikel

Vault maps used:
D:1:      mrwooster_arrival_statue, minmay_splitting_lines, minmay_crystal_water
D:3:      nicolae_overflow_hidden_temple, nicolae_gozag_zags_fifth_avenue
D:4:      first_bread, nrook_mini_backslash
D:5:      okawaru_trees_1, uniq_pikel

Skill      XL: |  1  2  3  4  5  6 |
---------------+-------------------+-----
Dodging        | 5 6 |  6.5
Short Blades   | 4 5 6 |  6.0
Stealth        | 4 5 |  5.6
Fighting       | 3 |  3.4

Action                   |  1- 3 |  4- 6 || total
-------------------------+-------+-------++-------
Melee: Short sword       |   139 |   139 ||   278
 Stab: Sleeping          |     9 |     9 ||    18
       Distracted        |       |     1 ||     1
Armor: Robe              |     5 |     3 ||     8
Dodge: Dodged            |   101 |    98 ||   199
